 Dungeon Crawl Stone Soup version 0.31.0-32-g396128a36d (webtiles) character file.

Game seed: 12360892150663637617

2644 spaghetti the Carver (level 9, 0/112 HPs)
             Began as a Naga Berserker on Mar 25, 2024.
             Was a Follower of Trog.
             Slain by an orc
             ... wielding a +0 dagger of freezing
              (1 damage)
             ... on level 8 of the Dungeon.
             The game lasted 00:09:22 (8085 turns).

spaghetti the Carver (Naga Berserker)               Turns: 8085, Time: 00:09:23

Health: 0/112      AC: 24    Str: 21    XL:     9   Next: 62%
Magic:  9/9        EV:  1    Int:  7    God:    Trog [*.....]
Gold:   401        SH:  0    Dex: 14    Spells: 8/8 levels left

rFire   . . .        e - +1 dagger (holy)
rCold   . . .        (no shield)
rNeg    . . .        m - melded +0 plate armour
rPois   +            g - melded +0 hat
rElec   .            j - melded +0 cloak
rCorr   .            (gloves currently unavailable)
SInv    +            (no barding)
Will    +....        k - amulet of the acrobat
Stlth   +            d - ring of flight
HPRegen 0.38/turn    (no ring)
MPRegen 0.11/turn

%: acrobat
@: tree-form, on berserk cooldown, hasted and slowed
A: stationary, stasis, torment immunity, boosted hp, AC +3, large, see
invisible, (deformed body), (poison resistance), (slowness 2), spit poison 1,
(naga tail 1)
a: Spit Poison, Renounce Religion, Berserk


You were on level 8 of the Dungeon.
You worshipped Trog.
Trog was aware of your devotion.
You were a tree.
You visited 1 branch of the dungeon, and saw 8 of its levels.

You collected 401 gold pieces.

Inventory:

Hand Weapons
 a - a +0 falchion
 e - a +1 dagger of holy wrath (weapon)
Missiles
 h - 5 curare-tipped darts
Armour
 b - a +0 animal skin
 g - a +0 hat (melded)
 j - a +0 cloak (melded)
 m - a +0 plate armour (melded)
Jewellery
 d - a ring of flight (left branch)
 k - an amulet of the acrobat (around neck)
Wands
 l - a wand of acid (9)
 p - a wand of mindburst (8)
 r - a wand of flame (12)
 s - a wand of roots (8)
Scrolls
 n - a scroll of poison
 o - a scroll of enchant weapon
Potions
 f - 3 potions of degeneration
 t - a potion of invisibility


   Skills:
 - Level 3.0 Fighting
 + Level 13.0 Long Blades
 - Level 1.5 Armour
 - Level 1.5 Dodging


You had 8 spell levels left.
You didn't know any spells.
Your spell library was empty.

Dungeon Overview and Level Annotations

Branches:
Dungeon (8/15)             Temple (0/1) D:6
   Lair: D:8-11

Altars:
Elyvilon
Fedhas
Gozag
Qazlal
Trog
Uskayaw
Vehumet
Zin
The Shining One

Shops:
D:7 *


Innate Abilities, Weirdness & Mutations

You are a tree.
Your roots penetrate the ground, keeping you stationary.
You cannot be teleported.
You are immune to unholy pain and torment.
Your maximum health is greatly increased.
Your equipment is partially melded.
((Your serpentine skin is tough. (AC +3)))
You have supernaturally acute eyesight. (SInv)
((Armour fits poorly on your strangely shaped body.))
((Your system is resistant to poisons. (rPois)))
((You cover ground very slowly.))
You can spit poison.
((You have a snake-like lower body.))


Message History

The orc shouts! x2
Items here: ))))) [[.
You feel a strong urge to attack something.
The orc warrior closely misses you.
Things that are here:
a +0 whip; an orc corpse You hit the orc warrior.
The orc warrior is lightly wounded.
The orc hits you with a +0 dagger of freezing.
The orc freezes you.
The orc warrior hits you with a +0 scimitar!
The orc priest hits you with a +0 falchion.
* * * LOW HITPOINT WARNING * * *
You puncture the orc warrior!
The orc warrior is heavily wounded.
You closely miss the orc warrior.
The orc warrior is heavily wounded.
You are no longer berserk.
You are exhausted.
You feel yourself slow down.
The orc priest hits you with a +0 falchion.
* * * LOW HITPOINT WARNING * * *
The orc barely misses you.
The orc warrior hits you with a +0 scimitar.
* * * LOW HITPOINT WARNING * * *
Okay, then.
You feel yourself speed up. The orc barely misses you.
The orc warrior closely misses you.
The orc priest invokes the aid of Beogh against you.
Pain shoots through your body!
* * * LOW HITPOINT WARNING * * *
You turn into a tree.
Your +0 cloak melds into your body.
Your +0 hat melds into your body.
Your +0 plate armour melds into your body.
Your roots penetrate the ground.
The orc priest hits you but does no damage.
The orc hits you with a +0 dagger of freezing.
* * * LOW HITPOINT WARNING * * *
The orc freezes you.
You die... #### o..# oo..# ###oo_.# ##ooooo.#

#o♣# #)## #.#
#####.#####.##
####.............
.........###.>###
.....###.# #..#
#### #.# #..# #.#
#..#


You could see an orc warrior, an orc priest and 9 orcs.

Vanquished Creatures
  A shadow (D:6)
  A steam dragon (D:7)
  2 water moccasins
  An orc warrior (D:8)
  An ice beast (D:6)
  3 black bears
  A sky beast (D:6)
  2 ogres
  A phantom (D:4)
  3 bullfrogs
  A gnoll sergeant (D:7)
  3 scorpions
  2 bombardier beetles
  3 hounds
  2 jellies
  4 orc priests
  5 iguanas
  2 sleepcaps
  5 orc wizards
  8 gnolls (D:7)
  5 adders
  2 shadow imps
  A white imp (D:6)
  4 ribbon worms
  3 dart slugs
  35 orcs
  3 bats
  7 endoplasms
  6 giant cockroaches
  5 goblins
  4 hobgoblins
  6 jackals
  2 quokkas
  4 ball pythons
  A frilled lizard (D:1)
  7 kobolds
  4 rats
150 creatures vanquished.

Notes
Turn   | Place    | Note
-------+----------+-------------------------------------------
     0 | D:1      | spaghetti the Naga Berserker began the quest for the Orb.
     0 | D:1      | Reached XP level 1. HP: 21/21 MP: 1/1
   182 | D:1      | Found a faded altar of an unknown god.
   227 | D:1      | Reached XP level 2. HP: 25/28 MP: 2/2
   525 | D:1      | Reached skill level 4 in Long Blades
   824 | D:2      | Reached XP level 3. HP: 34/34 MP: 3/3
  1087 | D:2      | Reached XP level 4. HP: 42/42 MP: 4/4
  1277 | D:2      | Reached skill level 5 in Long Blades
  1415 | D:2      | Reached XP level 5. HP: 44/49 MP: 5/5
  1424 | D:2      | Reached skill level 6 in Long Blades
  1833 | D:2      | Reached ** piety under Trog
  2404 | D:3      | Reached XP level 6. HP: 56/56 MP: 6/6
  2601 | D:3      | Found a stormy altar of Qazlal.
  2927 | D:4      | Reached skill level 7 in Long Blades
  2970 | D:4      | You fall into a shaft and drop 1 floor!
  2970 | D:5      | Entered Level 5 of the Dungeon
  2976 | D:4      | Noticed a black bear
  2989 | D:4      | Killed a black bear
  3060 | D:4      | Found a white marble altar of Elyvilon.
  3061 | D:4      | Noticed a +0 hand axe
  3061 | D:4      | Noticed a +0 hand axe
  3075 | D:4      | Found a hide-covered altar of Uskayaw.
  3220 | D:4      | Found a blossoming altar of Fedhas.
  3371 | D:4      | Reached XP level 7. HP: 62/62 MP: 7/7
  3452 | D:4      | Reached skill level 8 in Long Blades
  4162 | D:5      | Reached skill level 9 in Long Blades
  4217 | D:5      | Reached XP level 8. HP: 33/69 MP: 8/8
  4566 | D:5      | Reached skill level 10 in Long Blades
  4675 | D:5      | Found a glowing silver altar of Zin.
  5430 | D:6      | Reached skill level 11 in Long Blades
  5669 | D:6      | Found a staircase to the Ecumenical Temple.
  5743 | D:6      | Reached XP level 9. HP: 27/75 MP: 9/9
  6144 | D:6      | Found an opulent altar of Gozag.
  6217 | D:6      | Reached skill level 12 in Long Blades
  6712 | D:7      | Found Gaan's Lightly-Used Armoury.
  6854 | D:7      | Found a radiant altar of Vehumet.
  7829 | D:7      | Found a glowing golden altar of the Shining One.
  7832 | D:7      | Found a bloodstained altar of Trog.
  8073 | D:8      | Reached skill level 13 in Long Blades
  8084 | D:8      | HP: 1/75 [orc priest/nerve-wracking pain (14)]
  8085 | D:8      | Slain by an orc

Illustrated notes

Levels and vault maps discovered:
D:1:      nzn_arrival_water_spiral, layout_basic,
          hellmonk_ecumenical_altar_leap_of_faith, serial_glass,
          glass_columns_c, glass_columns_a
D:2:      layout_loops_ring
D:3:      layout_basic, mainiacjoe_overflow_24_doors, nicolae_the_louvre
D:4:      layout_rooms, dancing_weapons_uskayaw, pf_just_have_faith,
          fedhas_altar_1
D:5:      layout_cave_pools, mainiacjoe_overflow_surrounded_room
D:6:      layout_basic, nicolae_gozag_seed_capital, minmay_temple_entry_glass
D:7:      layout_basic, vehumet_altar_wand_db, nicolae_overflow_hidden_temple,
          minmay_shop_damaged
D:8:      layout_loops_ring, nemelex_diamond_rough_becter,
          kennysheep_okawaru_gauntlet, special_room [special_room_orc]

Skill      XL: |  1  2  3  4  5  6  7  8  9 |
---------------+----------------------------+-----
Long Blades    | 4 5 6 7 9 11 13 | 13.0
Fighting       | |  3.0
Armour         | |  1.5
Dodging        | |  1.5

Action                     |  1- 3 |  4- 6 |  7- 9 || total
---------------------------+-------+-------+-------++-------
  Melee: Falchion          |    80 |    37 |       ||   117
         Punch             |     2 |     1 |     8 ||    11
         Dagger            |       |   233 |   541 ||   774
 Invoke: Berserk           |     4 |    13 |    20 ||    37
         Trog's Hand       |       |     1 |     2 ||     3
Ability: Spit Poison       |     1 |       |     7 ||     8
  Evoke: Wand              |       |       |     8 ||     8
    Use: Potion            |     2 |       |     9 ||    11
         Scroll            |     1 |     1 |     4 ||     6
   Stab: Sleeping          |       |     1 |       ||     1
         Invisible         |       |       |     2 ||     2
 Armour: Animal skin       |    64 |   172 |       ||   236
         Skin              |     5 |       |    55 ||    60
         Plate armour      |       |    10 |   423 ||   433
  Dodge: Dodged            |    35 |   133 |    98 ||   266
